 Dungeon Crawl Stone Soup version 0.23.0 (webtiles) character file.

Game seed: 10401108063481430050

3176 chequers the Basher (level 9, -7/126 HPs)
             Began as an Ogre Berserker on Feb 9, 2019.
             Was a High Priest of Trog.
             Mangled by Grum
             ... wielding a +0 glaive
              (16 damage)
             ... on level 8 of the Dungeon.
             The game lasted 00:14:12 (10539 turns).

chequers the Basher (Ogre Berserker)               Turns: 10539, Time: 00:14:13

Health: -7/126     AC:  3    Str: 31    XL:     9   Next: 95%
Magic:  9/9        EV: 10    Int:  8    God:    Trog [*****.]
Gold:   555        SH:  0    Dex:  8    Spells: 8/8 levels left

rFire    . . .     SeeInvis .   a - +4 giant club
rCold    . . .     Gourm    .   (shield currently unavailable)
rNeg     + . .     Faith    .   l - +0 animal skin
rPois    .         Spirit   .   (helmet restricted)
rElec    .         Reflect  .   m - scarf {cloud immunity}
rCorr    .         Harm     .   (gloves unavailable)
MR       .....                  (boots unavailable)
Stlth    ..........             (no amulet)
HPRegen  0.31/turn              (no ring)
MPRegen  0.11/turn              j - ring of positive energy

@: berserking (expiring), very quick
A: large, unfitting armour, tough skin 1
a: Berserk, Trog's Hand, Brothers in Arms, Renounce Religion


You were on level 8 of the Dungeon.
You worshipped Trog.
Trog was extremely pleased with you.
You were hungry.

You visited 1 branch of the dungeon, and saw 8 of its levels.

You collected 555 gold pieces.

Inventory:

Hand Weapons
 a - a +4 giant club (weapon)
 b - a +0 dire flail
 r - a +0 flail
 s - a +4 quarterstaff of chaos
 w - a +0 giant spiked club
Armour
 k - a +2 cloak
 l - a +0 animal skin (worn)
 m - a scarf of cloud immunity (worn)
Jewellery
 j - a ring of positive energy (right hand)
Wands
 i - a wand of polymorph (9)
 p - a wand of scattershot (2)
Scrolls
 d - 2 scrolls of magic mapping
 g - 2 scrolls of enchant armour
 h - a scroll of blinking
 n - 2 scrolls of teleportation {unknown}
 o - 2 scrolls of fear
 q - a scroll of fog {unknown}
 v - a scroll of remove curse
Potions
 e - 3 potions of curing
 f - 2 potions of flight
 t - a potion of brilliance
Comestibles
 c - 7 rations
 u - 8 chunks of flesh


   Skills:
 - Level 4.0 Fighting
 + Level 12.4 Maces & Flails
 - Level 2.6 Dodging


You had 8 spell levels left.
You didn't know any spells.
Your spell library was empty.

Dungeon Overview and Level Annotations

Branches:
Dungeon (8/15)             Temple (0/1) D:4
   Lair: D:8-11

Altars:
Fedhas
Hepliaklqana
Okawaru
Qazlal
Ru
Sif Muna
Trog
The Shining One

Shops:
D:7 :

Annotations:
D:8 Grum


Innate Abilities, Weirdness & Mutations

You are too large for most types of armour.
You have tough skin. (AC +1)


Message History

Grum hits you from afar with a +0 glaive!
* * * LOW HITPOINT WARNING * * *
You miss the wolf. The wolf bites you.
* * * LOW HITPOINT WARNING * * *
You closely miss the wolf. The wolf barely misses you.
Grum hits you from afar with a +0 glaive!
* * * LOW HITPOINT WARNING * * *
The wolf misses you. The wolf bites you!
* * * LOW HITPOINT WARNING * * *
You sock Grum!
Grum is moderately wounded.
The wolf barely misses you. Grum hits you with a +0 glaive.
* * * LOW HITPOINT WARNING * * *
The wolf bites you!
* * * LOW HITPOINT WARNING * * *
You closely miss Grum.
Grum is moderately wounded.
The wolf barely misses you. x2
Grum hits you with a +0 glaive!
You die...

##.##.#$.(|=[
######...#.#F$/:=?
[......#...#$.)(?)
##.##.....#u$JR○$
# ##.##.#W.u.ZW #
#.##.##########.#
#.##.......)....#
#.########h######
#........@g.h....#
##########h#####.#
#.# #.# #.# ...
#.# .#


You could see Grum and 3 wolves.

Vanquished Creatures
  Sigmund (D:3)
  2 ice beasts
  2 orc warriors (D:7)
  2 sky beasts
  An eye of draining (D:6)
  A wolf (D:8)
  2 centaurs
  9 ogres
  2 bullfrogs
  A wyvern zombie (D:6)
  A crimson imp (D:5)
  A centaur zombie (D:6)
  Crazy Yiuf (D:3)
  A hound (D:5)
  A jelly (D:6)
  3 orc priests (D:7)
  5 orc wizards
  4 centaur skeletons
  Jessica (D:3)
  An iguana (D:6)
  Terence (D:3)
  Natasha (thrice) (D:2)
  5 worker ants
  A killer bee zombie (D:5)
  A hound zombie (D:5)
  A hound skeleton (D:6)
  Robin (D:2)
  A howler monkey zombie (D:7)
  8 gnolls (D:4)
  13 adders
  A howler monkey skeleton (D:5)
  2 shadow imps
  2 oozes (D:1)
  4 worms
  A dart slug (D:2)
  9 leopard geckos
  16 orcs
  6 bats
  2 giant cockroaches
  9 hobgoblins
  22 jackals
  3 quokkas
  5 ball pythons
  5 frilled lizards
  17 goblins
  2 jackal skeletons
  3 kobolds
  9 rats
195 creatures vanquished.

Notes
Turn   | Place    | Note
-------+----------+-------------------------------------------
     0 | D:1      | chequers the Ogre Berserker began the quest for the Orb.
     0 | D:1      | Reached XP level 1. HP: 24/24 MP: 1/1
   143 | D:1      | Reached skill level 3 in Maces & Flails
   204 | D:1      | Reached XP level 2. HP: 24/32 MP: 2/2
   983 | D:1      | Reached XP level 3. HP: 34/39 MP: 3/3
  1392 | D:2      | Noticed Natasha
  1403 | D:2      | Killed Natasha
  1403 | D:2      | Reached skill level 4 in Maces & Flails
  1558 | D:2      | Reached XP level 4. HP: 38/48 MP: 4/4
  1859 | D:2      | Noticed Natasha
  1871 | D:2      | Killed Natasha
  2383 | D:2      | Reached skill level 5 in Maces & Flails
  2497 | D:2      | Noticed Robin
  2511 | D:2      | Reached XP level 5. HP: 54/54 MP: 5/5
  2515 | D:2      | Reached ** piety under Trog
  2545 | D:2      | Killed Robin
  3014 | D:2      | Noticed Natasha
  3030 | D:2      | Killed Natasha
  3347 | D:3      | Noticed Terence
  3364 | D:3      | Killed Terence
  3414 | D:3      | Reached skill level 6 in Maces & Flails
  3414 | D:3      | Reached XP level 6. HP: 62/62 MP: 6/6
  3445 | D:3      | Found a runed translucent door.
  3446 | D:3      | Noticed Crazy Yiuf
  3452 | D:3      | Killed Crazy Yiuf
  4073 | D:3      | Noticed Sigmund
  4080 | D:3      | Killed Sigmund
  4115 | D:3      | Noticed Jessica
  4123 | D:3      | Killed Jessica
  4123 | D:3      | Reached *** piety under Trog
  4123 | D:3      | Reached skill level 7 in Maces & Flails
  4123 | D:3      | Reached XP level 7. HP: 69/70 MP: 7/7
  5309 | D:4      | Found a staircase to the Ecumenical Temple.
  5536 | D:4      | Reached skill level 8 in Maces & Flails
  5809 | D:5      | Entered Level 5 of the Dungeon
  5988 | D:5      | Found a bloodstained altar of Trog.
  6901 | D:6      | Reached XP level 8. HP: 78/78 MP: 8/8
  7018 | D:6      | Reached skill level 9 in Maces & Flails
  7049 | D:6      | Found a deep blue altar of Sif Muna.
  7075 | D:6      | Found a glowing golden altar of the Shining One.
  7092 | D:6      | Reached **** piety under Trog
  7375 | D:6      | Found a sacrificial altar of Ru.
  7401 | D:6      | Reached skill level 10 in Maces & Flails
  7742 | D:6      | Found a stormy altar of Qazlal.
  7920 | D:6      | Reached XP level 9. HP: 65/84 MP: 9/9
  8549 | D:7      | Found an iron altar of Okawaru.
  8686 | D:7      | Reached skill level 11 in Maces & Flails
  8704 | D:7      | Found Tyzod's Book Boutique.
  9309 | D:7      | Found a blossoming altar of Fedhas.
  9309 | D:7      | Found a hazy altar of Hepliaklqana.
  9738 | D:7      | Reached skill level 12 in Maces & Flails
  9925 | D:7      | Identified a scroll of acquirement
 10466 | D:8      | Reached ***** piety under Trog
 10505 | D:8      | Noticed a cyclops
 10518 | D:8      | Noticed an efreet
 10518 | D:8      | Noticed a red ugly thing
 10524 | D:8      | Noticed Grum
 10539 | D:8      | Mangled by Grum

Skill      XL: |  1  2  3  4  5  6  7  8  9 |
---------------+----------------------------+-----
Maces & Flails | 3 4 5 6 7 8 10 12 | 12.4
Fighting       | |  4.0
Dodging        | |  2.6

Action                   |  1- 3 |  4- 6 |  7- 9 || total
-------------------------+-------+-------+-------++-------
Melee: Mace              |    63 |   167 |       ||   230
       Quarterstaff      |       |    45 |    49 ||    94
       Flail             |       |       |   115 ||   115
       Giant club        |       |       |   160 ||   160
       Dire flail        |       |       |    57 ||    57
Invok: Berserk           |     1 |     8 |     8 ||    17
  Use: Scroll            |     4 |     4 |    13 ||    21
       Potion            |       |     6 |       ||     6
  Eat: Chunk             |     2 |    13 |    20 ||    35
       Ration            |       |     1 |     2 ||     3
Armor: Animal skin       |    16 |    66 |   106 ||   188
Dodge: Dodged            |    29 |   167 |   159 ||   355
